 Dungeon Crawl Stone Soup version 0.23.1-37-gaa34b87b72 (webtiles) character file.

Game seed: 9372490223623936881

123 Norn the Cutter (level 5, -4/35 HPs)
             Began as a Halfling Warper on Mar 26, 2019.
             Was an Initiate of Okawaru.
             Slain by Natasha (6 damage)
             ... on level 3 of the Dungeon.
             The game lasted 00:13:07 (3194 turns).

Norn the Cutter (Halfling Warper)                   Turns: 3194, Time: 00:13:08

Health: -4/35      AC:  6    Str: 12    XL:     5   Next: 28%
Magic:  7/7        EV: 12    Int: 12    God:    Okawaru [......]
Gold:   137        SH:  0    Dex: 14    Spells: 3/7 levels left

rFire    . . .     SeeInvis .   r - +0 rapier
rCold    . . .     Gourm    .   (shield restricted)
rNeg     . . .     Faith    .   i - +0 scale mail
rPois    .         Spirit   .   (no helmet)
rElec    .         Reflect  .   (no cloak)
rCorr    .         Harm     .   (no gloves)
MR       .....                  (no boots)
Stlth    ..........             (no amulet)
HPRegen  0.11/turn              (no ring)
MPRegen  0.10/turn              (no ring)

@: slowed, very slow
A: small, mutation resistance 1
a: Renounce Religion


You were on level 3 of the Dungeon.
You worshipped Okawaru.
Okawaru was noncommittal.
You were hungry.

You visited 1 branch of the dungeon, and saw 3 of its levels.

You collected 137 gold pieces.

Inventory:

Hand Weapons
 a - a +0 short sword
 r - a +0 rapier (weapon)
   (You found it on level 3 of the Dungeon)
 t - a +0 blowgun
   (You took it off a kobold on level 3 of the Dungeon)
Missiles
 f - 5 tomahawks of dispersal {!f}
 k - 24 sling bullets
 l - 78 stones (quivered)
 s - 5 poisoned needles
Armour
 b - a +0 leather armour
 i - a +0 scale mail (worn)
   (You found it on level 1 of the Dungeon)
Jewellery
 m - an uncursed ring of wizardry {unknown}
   (You found it on level 1 of the Dungeon)
Scrolls
 c - 3 scrolls of fear {unknown}
 d - a scroll of blinking
 g - 2 scrolls of teleportation {@r4}
 h - 4 scrolls of identify {@r1}
 o - a scroll of fog {unknown}
Potions
 j - 2 potions of ambrosia {unknown}
 n - a potion of lignification {unknown}
 p - a potion of heal wounds {unknown}
 q - a potion of degeneration {unknown}
Comestibles
 e - 6 rations {!d}
 u - 6 chunks of flesh


   Skills:
 + Level 2.4 Fighting
 * Level 4.1 Short Blades
 - Level 1.0 Throwing
 + Level 2.2 Armour
 + Level 3.0 Dodging
 - Level 1.5 Spellcasting
 + Level 3.8 Translocations


You had 3 spell levels left.
You knew the following spells:

 Your Spells              Type           Power        Failure   Level  Hunger
b - Blink                 Tloc           N/A          43%         2    ###....
q - Shroud of Golubria    Chrm/Tloc      #.........   71%         2    ###....

Your spell library contained the following spells:

 Spells                   Type           Power        Failure   Level  Hunger
 Gell's Gravitas          Tloc           ##........   67%         3    ####...
 Lesser Beckoning         Tloc           ##........   67%         3    ####...
 Teleport Other           Tloc           ##......     67%         3    ####...
 Passage of Golubria      Tloc           N/A          97%         4    #####..


Dungeon Overview and Level Annotations

Branches:
Dungeon (3/15)

Altars:
Ashenzari
Cheibriados
Okawaru
Qazlal

Annotations:
D:3 Natasha


Innate Abilities, Weirdness & Mutations

You are small and have problems with some larger weapons.
You are somewhat resistant to further mutation.


Message History

u - 6 chunks of flesh (gained 3)
Things that are here:
a +0 hand axe; an orc skeleton
There is a stone staircase leading down here.
You start resting.
You climb downwards.
Level annotation: Natasha
There is a stone staircase leading up here.
Natasha barely misses you.
You closely miss Natasha.
Natasha howls an incantation.
You feel troubled.
Natasha stares at you and mumbles some strange words.
The magic dart hits you!
You hit Natasha.
Natasha extends her claws.
Natasha stares at you and mumbles some strange words.
You resist with some effort.
You hit Natasha. Natasha claws you but does no damage.
Your scale mail prevents you from hitting Natasha.
Natasha mewls in sadness.
Natasha claws you!
You hit Natasha. Natasha claws you.
You closely miss Natasha. Natasha claws you but does no damage.
You hit Natasha. Natasha claws you but does no damage.
You closely miss Natasha.
You are feeling hungry.
Natasha casts a spell at you.
You feel yourself slow down.
Your scale mail prevents you from hitting Natasha.
Natasha misses you.
You hit Natasha but do no damage. Natasha claws you.
* * * LOW HITPOINT WARNING * * *
Natasha closely misses you.
You hit Natasha. Natasha claws you but does no damage.
You closely miss Natasha. Natasha claws you.
* * * LOW HITPOINT WARNING * * *
Natasha claws you.
* * * LOW HITPOINT WARNING * * *
Your scale mail prevents you from hitting Natasha.
Natasha claws you.
* * * LOW HITPOINT WARNING * * *
You hit Natasha. Natasha closely misses you. Natasha claws you.
* * * LOW HITPOINT WARNING * * *
You hit Natasha.
Natasha stares at you and mumbles some strange words.
The magic dart hits you.
* * * LOW HITPOINT WARNING * * *
You hit Natasha but do no damage. Natasha claws you.
You die...

#.##....)## ###......
>..)..#...#### #.....# ##
#......).....###...... ..### .##
#.#..###)###.........####...##...
#....# #.######................##
#....###)##......................
............##..####............
......)).######..#...........#
........## #.<@h.##.##....##
.......## #.#.####..#....#
.......# ...#..# #..#..o.#
#>.)รท..# ######..##..##...#
#........# #.....##....h.o.
....##.### ###..##....####
..#.....# #........# ..........
....###..# ..###...... ### ##..


You could see Natasha.

Vanquished Creatures
  Terence (D:2)
  3 adders
  4 dart slugs
  5 orcs
  3 giant cockroaches (D:1)
  8 goblins
  4 hobgoblins
  2 jackals (D:2)
  6 kobolds
  A quokka (D:2)
  8 bats
  7 frilled lizards
  7 rats
59 creatures vanquished.

Notes
Turn   | Place    | Note
-------+----------+-------------------------------------------
     0 | D:1      | Norn the Halfling Warper began the quest for the Orb.
     0 | D:1      | Reached XP level 1. HP: 14/14 MP: 3/3
   244 | D:1      | Reached XP level 2. HP: 17/19 MP: 4/4
   371 | D:1      | Reached skill level 3 in Short Blades
   664 | D:1      | Learned a level 2 spell: Blink
   667 | D:1      | Learned a level 2 spell: Shroud of Golubria
   813 | D:1      | Reached XP level 3. HP: 22/24 MP: 5/5
  1318 | D:2      | Found a stormy altar of Qazlal.
  1556 | D:2      | Found a shattered altar of Ashenzari.
  1864 | D:2      | Reached XP level 4. HP: 22/29 MP: 6/6
  2004 | D:2      | Noticed Terence
  2062 | D:2      | Killed Terence
  2320 | D:2      | Found an iron altar of Okawaru.
  2322 | D:2      | Found a snail-covered altar of Cheibriados.
  2329 | D:2      | Became a worshipper of Warmaster Okawaru
  2585 | D:3      | Reached skill level 4 in Short Blades
  2586 | D:3      | Reached XP level 5. HP: 6/35 MP: 7/7
  3119 | D:3      | Noticed Natasha
  3194 | D:3      | Slain by Natasha

Skill      XL: |  1  2  3  4  5 |
---------------+----------------+-----
Fighting       | 2 |  2.4
Short Blades   | 3 4 |  4.1
Armour         | 2 |  2.2
Dodging        | 3 |  3.0
Throwing       | |  1.0
Spellcasting   | |  1.5
Translocations | |  3.8

Action                   |  1- 3 |  4- 6 || total
-------------------------+-------+-------++-------
Melee: Short sword       |   160 |    57 ||   217
       Rapier            |       |    83 ||    83
Throw: Stone             |     3 |     3 ||     6
  Use: Scroll            |     2 |       ||     2
  Eat: Chunk             |     3 |     4 ||     7
Armor: Leather armour    |     5 |       ||     5
       Scale mail        |    65 |    34 ||    99
Dodge: Dodged            |   105 |    83 ||   188
